 Dungeon Crawl Stone Soup version 0.27.1-2-g3b301248ec (webtiles) character file.

Game seed: 15502351881752078763

1257 sarasada the Chopper (level 8, -11/70 HPs)
             Began as a Minotaur Fighter on Oct 2, 2021.
             Was a Plaything of Xom.
             Mangled by an ogre (21 damage)
             ... on level 5 of the Dungeon.
             The game lasted 00:26:43 (5327 turns).

sarasada the Chopper (Minotaur Fighter)             Turns: 5327, Time: 00:26:43

Health: -11/70     AC:  9    Str: 24    XL:     8   Next: 27%
Magic:  7/7        EV:  9    Int:  5    God:    Xom [*.....]
Gold:   175        SH: 10    Dex:  9    Spells: 7/7 levels left

rFire    + . .     SeeInvis .   a - +0 war axe
rCold    . . .     Faith    .   c - +0 kite shield
rNeg     . . .     Spirit   .   b - +0 scale mail
rPois    .         Reflect  .   (helmet restricted)
rElec    .         Harm     .   (no cloak)
rCorr    .         Rampage  .   t - +0 pair of gloves
Will     .....                  (no boots)
Stlth    ..........             (no amulet)
HPRegen  0.21/turn              w - ring of protection from fire
MPRegen  0.10/turn              (no ring)

@: mighty
A: horns 2, retaliatory headbutt
a: Renounce Religion


You were on level 5 of the Dungeon.
You worshipped Xom.
You were a special plaything of Xom.
You visited 2 branches of the dungeon, and saw 6 of its levels.

You collected 175 gold pieces.

Inventory:

Hand Weapons
 a - a +0 war axe (weapon)
 g - a +0 war axe
 v - a +2 dagger of pain
Armour
 b - a +0 scale mail (worn)
 c - a +0 kite shield (worn)
 t - a +0 pair of gloves (worn)
Magical Staves
 j - a staff of earth
Jewellery
 w - a ring of protection from fire (left hand)
Wands
 o - a wand of iceblast (11) (quivered)
Scrolls
 q - 3 scrolls of teleportation
 s - a scroll of magic mapping
 x - a scroll of identify
 y - a scroll of amnesia
Potions
 d - 2 potions of might
 e - 2 potions of invisibility {unknown}
 h - a potion of magic {unknown}
 i - 3 potions of attraction {unknown}
 k - a potion of heal wounds {unknown}
 l - 2 potions of berserk rage {unknown}
 m - a potion of lignification {unknown}
 n - 2 potions of cancellation {unknown}
 p - a potion of haste {unknown}
 r - a potion of flight
 u - a potion of brilliance {unknown}


   Skills:
 + Level 5.8 Fighting
 + Level 7.5 Axes
 + Level 6.8 Armour
 + Level 2.5 Dodging
 + Level 1.1 Stealth
 + Level 5.8 Shields
 + Level 0.5 Evocations


You had 7 spell levels left.
You didn't know any spells.
Your spell library contained the following spells:

 Spells                   Type           Power      Damage    Failure   Level
 Corpse Rot               Necr/Air       N/A        N/A       99%         2
 Poisonous Vapours        Pois/Air       0%         N/A       99%         2
 Gell's Gravitas          Tloc           0%         N/A       100%        3
 Teleport Other           Tloc           0%         N/A       100%        3
 Freezing Cloud           Conj/Ice/Air   0%         6-21      100%        5
 Dispersal                Tloc           0%         N/A       100%        6


Dungeon Overview and Level Annotations

Branches:
Dungeon (5/15)             Temple (1/1) D:4

Altars:
Dithmenos
Gozag
Okawaru
Qazlal
Ru
Sif Muna
Uskayaw
Wu Jian
Xom
The Shining One

Shops:
D:3 *?


Innate Abilities, Weirdness & Mutations

You have a pair of horns on your head.
You reflexively headbutt those who attack you in melee.


Message History

The ogre hits you with a +0 giant club!!
The hound bites you but does no damage.
The adder moves out of view.
You feel better. The hound barely misses you.
You block the orc wizard's attack. You block the ogre's attack.
The hound bites you but does no damage.
You feel very mighty all of a sudden.
The orc wizard casts a spell.
The orc wizard flickers and vanishes!
Deactivating autopickup; reactivate with Ctrl-A.
The hound bites you but does no damage.
The ogre hits you with a +0 giant club!!
You miss the hound. Your headbutt misses the hound.
You barely miss the ogre. "This might be better!"
The orc seems to grow stronger.
The hound completely misses you. You furiously retaliate!
You headbutt the hound!!
You kill the hound!
Something hits you but does no damage.
An iguana comes into view.
You block something's attack. The ogre closely misses you.
You closely miss the orc. You closely miss the ogre.
The orc hits you with a +0 hand axe. Something hits you!
* * * LOW HITPOINT WARNING * * *
The ogre hits you with a +0 giant club!
* * * LOW HITPOINT WARNING * * *
The orc barely misses you.
You feel better.
The sentinel's mark upon you fades away.
Something hits you!
* * * LOW HITPOINT WARNING * * *
You feel better. You block the ogre's attack. Something hits you.
* * * LOW HITPOINT WARNING * * *
The orc barely misses you. You furiously retaliate!
You headbutt the orc!
You kill the orc!
The adder barely misses you.
You slash the adder!
You kill the adder!
You completely miss the ogre.
The ogre hits you with a +0 giant club!!
You die...
Xom snickers!

#.... .....#...#
##...##...# #..#
##..######
#.....#.... #..#
#..##.(##
#...<.+....
......... #.......#
##...##....
......[.. #......<#
##...##...#
......... #...(...#
#....##...#
..........#.......#
#..........
..........'....O..#
#..........
#..##..## #####)@##
#..........
#..#############o##
##...###..#
......o.#o.....{o.#
##...######
......ho'.......l.#
#..........
####'########....##
#..........
##..###..########
#..........
#...............#
#.....##..#
#...............#
#.....##..#
#..........†....#
#..........


You could see an ogre, an iguana and 2 orcs.

Vanquished Creatures
  Grinder (D:4)
  Duvessa (D:4)
  A black bear (D:4)
  A sky beast (D:5)
  An ogre (D:4)
  A wyvern zombie (D:5)
  2 scorpions
  Dowan (D:4)
  A jelly (D:4)
  2 hounds (D:5)
  2 iguanas
  Jessica (D:3)
  Natasha (thrice) (D:2)
  A howler monkey skeleton (D:4)
  9 adders
  A worm (D:2)
  2 dart slugs
  2 orcs
  10 ball pythons
  3 bats
  8 endoplasms
  7 hobgoblins
  6 jackals
  4 quokkas
  A frilled lizard (D:1)
  10 goblins
  4 kobolds
  2 rats (D:3)
88 creatures vanquished.

Vanquished Creatures (collateral kills)
  An ogre (D:5)
  An orc priest (D:5)
  3 orcs (D:5)
5 creatures vanquished.

Grand Total: 93 creatures vanquished

Notes
Turn   | Place    | Note
-------+----------+-------------------------------------------
     0 | D:1      | sarasada the Minotaur Fighter began the quest for the Orb.
     0 | D:1      | Reached XP level 1. HP: 19/19 MP: 0/0
   148 | D:1      | Reached XP level 2. HP: 21/27 MP: 1/1
   872 | D:2      | Reached XP level 3. HP: 30/33 MP: 2/2
  1085 | D:2      | Noticed Natasha
  1104 | D:2      | Killed Natasha
  1105 | D:2      | Reached skill level 3 in Axes
  1105 | D:2      | Reached XP level 4. HP: 35/41 MP: 3/3
  1116 | D:2      | Noticed Natasha
  1122 | D:2      | Killed Natasha
  1155 | D:2      | Noticed Natasha
  1162 | D:2      | Killed Natasha
  1604 | D:2      | Reached XP level 5. HP: 47/47 MP: 4/4
  1617 | D:2      | Reached skill level 4 in Axes
  2018 | D:3      | Reached skill level 1 in Dodging
  2121 | D:3      | Found an iron altar of Okawaru.
  2126 | D:3      | Found Ygiac's Magic Scroll Shoppe.
  2144 | D:3      | Found Asibroq's General Store.
  2365 | D:3      | Reached skill level 5 in Armour
  2591 | D:3      | Noticed Jessica
  2592 | D:3      | Killed Jessica
  2593 | D:3      | Reached skill level 1 in Stealth
  2896 | D:4      | Noticed an ogre
  2904 | D:4      | Killed an ogre
  2905 | D:4      | Reached XP level 6. HP: 46/55 MP: 5/5
  2974 | D:4      | Noticed Duvessa
  2978 | D:4      | Noticed Dowan
  2982 | D:4      | Killed Duvessa
  2983 | D:4      | Reached skill level 5 in Fighting
  2983 | D:4      | Reached skill level 5 in Shields
  2988 | D:4      | Killed Dowan
  2989 | D:4      | Reached skill level 5 in Axes
  3323 | D:4      | Noticed Grinder
  3330 | D:4      | Paralysed by Grinder for 4 turns
  3342 | D:4      | Killed Grinder
  3343 | D:4      | Reached skill level 6 in Axes
  3343 | D:4      | Reached XP level 7. HP: 12/61 MP: 6/6
  3646 | D:4      | Found a staircase to the Ecumenical Temple.
  3681 | Temple   | Entered the Ecumenical Temple
  4045 | Temple   | Became a worshipper of Xom of Chaos
  4107 | D:4      | XOM: divination: detect items
  4558 | D:5      | Entered Level 5 of the Dungeon
  4566 | D:5      | XOM: divination: detect items
  4571 | D:5      | Reached skill level 7 in Axes
  4662 | D:5      | XOM: 4-stop teleportation journey
  4674 | D:5      | Reached XP level 8. HP: 48/70 MP: 7/7
  4848 | D:5      | XOM: divination: magic mapping
  5241 | D:5      | XOM: 7-stop teleportation journey
  5323 | D:5      | XOM: enchant monster (bad)
  5327 | D:5      | Mangled by an ogre

Illustrated notes

Levels and vault maps discovered:
D:1:      minmay_arrival_stair_chambers, layout_basic, minmay_misc_feat_iff
D:2:      layout_basic, minmay_tromino_mix6, uniq_natasha
D:3:      minmay_wonky_spiral, layout_loops_corners, okawaru_metal_pillars_3,
          serial_shops, shop, shop, uniq_jessica
D:4:      layout_rooms, minmay_temple_entry_trees, hangedman_decor_push,
          kennysheep_generic_room_11, uniq_grinder, uniq_duvessa
D:5:      layout_gridville, serial_park_tiny_1, st_stairs_2
Temple:   grunt_temple_mini_profane

Skill      XL: |  1  2  3  4  5  6  7 |
---------------+----------------------+-----
Armour         | 4 5 6 |  6.8
Fighting       | 4 5 |  5.8
Shields        | 4 5 |  5.8
Axes           | 3 4 6 7 |  7.5
Dodging        | 1 2 |  2.5
Stealth        | 1 |  1.1
Evocations     | |  0.5

Action                   |  1- 3 |  4- 6 |  7- 9 || total
-------------------------+-------+-------+-------++-------
Melee: War axe           |    64 |   110 |    77 ||   251
       Headbutt          |     6 |    10 |    20 ||    36
Evoke: Wand              |       |     1 |       ||     1
  Use: Scroll            |     1 |     4 |     4 ||     9
       Potion            |       |     1 |     4 ||     5
Armor: Scale mail        |    30 |    39 |    43 ||   112
Dodge: Dodged            |    18 |    37 |    31 ||    86
Block: Kite shield       |    37 |    63 |    49 ||   149
